 Dungeon Crawl Stone Soup version 0.23-a0-650-ga4d50d4 (webtiles) character file.

7 4thArraOfDagon the Magician (level 1, -1/16 HPs)
             Began as a Mummy Warper on Jan 2, 2019.
             Slain by a rat (3 damage)
             ... on level 3 of the Dungeon.
             The game lasted 00:00:22 (108 turns).

4thArraOfDagon the Magician (Mummy Warper)           Turns: 108, Time: 00:00:22

Health: -1/16      AC:  3    Str: 14    XL:     1   Next: 91%
Magic:  4/4        EV: 11    Int: 12    God:
Gold:   36         SH:  0    Dex: 11    Spells: 5/5 levels left

rFire    x . .     SeeInvis .   a - +0 falchion
rCold    + . .     Gourm    .   (no shield)
rNeg     + + +     Faith    .   b - +0 leather armour
rPois    ∞         Spirit   .   (no helmet)
rElec    .         Reflect  .   (no cloak)
rCorr    .         Harm     .   (no gloves)
MR       .....                  (no boots)
Stlth    +.........             (no amulet)
HPRegen  0.05/turn              (no ring)
MPRegen  0.09/turn              (no ring)

@: no status effects
A: no food or potions, fire vulnerability, cold resistance 1, negative energy
resistance 3, torment resistance, unbreathing
a: no special abilities


You were on level 3 of the Dungeon.
You were not hungry.

You visited 1 branch of the dungeon, and saw 3 of its levels.

You collected 36 gold pieces.

Inventory:

Hand Weapons
 a - a +0 falchion (weapon)
Missiles
 e - 5 tomahawks of dispersal (quivered)
Armour
 b - a +0 leather armour (worn)
Scrolls
 c - a scroll of identify {unknown}
 d - a scroll of blinking


   Skills:
 - Level 2.0 Fighting
 * Level 2.2 Long Blades
 - Level 0.7 Throwing
 - Level 0.7 Armour
 - Level 1.5 Dodging
 - Level 2.6 Spellcasting
   Level 2.4 Translocations


You had 5 spell levels left.
You didn't know any spells.
Your spell library contained the following spells:

 Spells                   Type           Power        Failure   Level  Hunger
 Blink                    Tloc           N/A          19%         2    N/A
 Shroud of Golubria       Chrm/Tloc      #.........   30%         2    N/A
 Gell's Gravitas          Tloc           #.........   34%         3    N/A
 Lesser Beckoning         Tloc           #.........   34%         3    N/A
 Teleport Other           Tloc           #.......     34%         3    N/A
 Passage of Golubria      Tloc           N/A          75%         4    N/A

Dungeon Overview and Level Annotations

Branches:
Dungeon (3/15)

Altars:


Innate Abilities, Weirdness & Mutations

You do not eat or drink.
Your flesh is vulnerable to fire.
You are immune to poison.
Your flesh is cold resistant. (rC+)
You are immune to negative energy. (rN+++)
You are immune to unholy pain and torment.
You can survive without breathing.


Message History

The orc is heavily wounded.
The orc barely misses you. The rat closely misses you.
You hit the orc but do no damage.
The orc is heavily wounded.
The orc barely misses you. The rat bites you but does no damage.
You hit the orc but do no damage.
The orc is heavily wounded.
The orc hits you with a +0 club. The rat bites you but does no damage.
You completely miss the orc.
The orc is heavily wounded.
The orc hits you with a +0 club. The rat bites you but does no damage.
You closely miss the orc.
The orc is heavily wounded.
The orc hits you with a +0 club. The rat barely misses you. The rat bites you.
* * * LOW HITPOINT WARNING * * *
The orc closely misses you.
You hit the orc.
You kill the orc!
The rat bites you.
You die...

#.#.. .#
#.#..##.#
##.......##
#.........#
#.........#
#.........#
#.........#
#....r@...#
#....)....#
#.........#
#.........+
#.........#
######+####


You could see a rat.

Vanquished Creatures
  An orc (D:3)
  2 giant cockroaches
  2 goblins
5 creatures vanquished.

Notes
Turn   | Place    | Note
-------+----------+-------------------------------------------
     0 | D:1      | 4thArraOfDagon the Mummy Warper began the quest for the
                  | Orb.
     0 | D:1      | Reached XP level 1. HP: 16/16 MP: 4/4
   108 | D:3      | Slain by a rat

Vault maps used:
D:1:      mainiacjoe_arrival_reflecting_pool
D:2:      nicolae_overflow_crystal_walls, first_ration, uniq_crazy_yiuf_cottage
D:3:      grunt_temple_overflow_champion_of_chaos,
          nicolae_dithmenos_shadow_blocks, chequers_ecumenical_altar_simple

Skill      XL: |  1 |
---------------+----+-----
Long Blades    | 2 |  2.2
Fighting       | |  2.0
Throwing       | |  0.7
Armour         | |  0.7
Dodging        | |  1.5
Spellcasting   | |  2.6
Translocations | |  2.4

Action                   || total
-------------------------++-------
Melee: Falchion          ||    18
Armor: Leather armour    ||     7
Dodge: Dodged            ||    15
       Rpst.: Falchion   ||     5

Table legend:
 A = Non-vault XP
 B = Vault XP
 C = Vault XP percentage of total XP
 D = Non-vault monster count
 E = Vault monster count
 F = Vault count percentage of total count
                 A         B        C        D         E       F
            +---------+---------+-------+---------+---------+-------
      Total |      11 |       0 |   0.0 |       5 |       0 |   0.0
            +---------+---------+-------+---------+---------+-------
        D:1 |       4 |       0 |   0.0 |       2 |       0 |   0.0
        D:2 |       4 |       0 |   0.0 |       2 |       0 |   0.0
        D:3 |       3 |       0 |   0.0 |       1 |       0 |   0.0
            +---------+---------+-------+---------+---------+-------
